Map: Ruins of Seras

Players

김태희

  • Race: Zerg Zerg
  • League: Diamond

ILLBdA - Winner!

  • Race: Protoss Protoss
  • League: Diamond

VOD

Have the link to the VOD?

Description

Time

  • Played on: Dec. 12, 2015, 4:54 a.m.
  • Length: 8:53
Show
View Real Time Build Order
Export as new Build Order

김태희 Zerg 

Build Orders: Hatch First 

Get SALT Encoding   

  12  0:00  Drone  
  13  0:08  Drone  
  14  0:17  Overlord  
  14  0:36  Drone x2  
  14  0:37  Drone  
  17  0:55  Hatchery  
  16  0:57  Drone  
  17  1:05  Drone  
  17  1:09  Drone  
  19  1:12  Extractor  
  19  1:21  Spawning Pool  
  19  1:23  Drone  
  19  1:31  Drone  
  20  1:48  Hatchery  
  20  1:50  Extractor  
  20  1:51  Drone  
  19  1:55  Drone  
  20  2:04  Drone  
  21  2:08  Drone  
  22  2:15  Overlord  
  22  2:20  Drone  
  22  2:21  Queen  
  25  2:28  Drone  
  25  2:29  Drone  
  27  2:38  Drone  
  27  2:39  Drone  
  27  2:42  Queen  
  31  2:52  Metabolic Boost  
  31  2:57  Drone x3  
  34  2:59  Extractor  
  34  3:04  Queen  
  35  3:08  Drone  
  35  3:10  Drone  
  37  3:13  Zergling x2  
  37  3:14  Zergling x2  
  39  3:24  Drone x3  
  42  3:27  Lair  
  42  3:36  Overlord  
  42  3:46  Overlord  
  42  3:49  Overlord  
  42  3:54  Roach Warren  
  41  3:58  Zergling x8  
  41  4:01  Zergling x8  
  49  4:03  Zergling x2  
  50  4:16  Drone x4  
  54  4:25  Drone x4  
  54  4:26  Overlord  
  58  4:33  Overlord  
  58  4:34  Drone  
  58  4:37  Drone  
  58  4:38  Overlord  
  60  4:42  Overlord  
  60  4:45  Drone x2  
  62  4:47  Extractor  
  62  4:49  Drone  
  62  4:50  Hydralisk Den  
  61  4:55  Drone x3  
  61  4:57  Evolution Chamber  
  63  5:01  Overseer  
  63  5:04  Drone x2  
  63  5:06  Evolution Chamber  
  64  5:09  Pneumatized Carapace  
  64  5:12  Queen  
  66  5:17  Drone x3  
  66  5:19  Drone, Extractor  
  66  5:20  Drone  
  70  5:24  Lurker Den  
  70  5:32  Overlord, Drone  
  71  5:36  Hydralisk x3  
  71  5:39  Overseer  
  71  5:41  Zerg Missile Weapons Level 1  
  76  5:51  Roach  
  76  5:52  Roach x2  
  76  5:56  Roach  
  84  5:57  Roach  
  84  6:05  Roach x2  
  87  6:45  Hatchery  
  86  6:50  Drone  
  86  6:51  Drone x3  
  90  6:54  Overseer  
  90  6:58  Overlord  
  90  6:59  Drone x2  
  92  7:01  Overlord  
  92  7:12  Overlord  
  92  7:16  Queen  
  93  7:28  Overlord  
  91  7:31  Overlord  
  91  7:33  Roach x7  
  105  7:39  Extractor  
  105  7:40  Extractor  
  103  7:48  Roach x2  
  99  7:54  Roach  
  99  7:55  Roach  
  101  8:06  Roach x3  
  101  8:08  Roach  
  101  8:09  Roach  
  98  8:18  Roach  
  92  8:20  Overlord  
Show
View Real Time Build Order
Export as new Build Order

ILLBdA Protoss - Winner!

Build Orders: Nexus First, Dark Templar Rush 

Get SALT Encoding   

  12  0:01  Probe (Chrono Boost)  
  13  0:12  Probe (Chrono Boost)  
  14  0:21  Pylon  
  14  0:22  Probe (Chrono Boost)  
  15  0:39  Probe (Chrono Boost)  
  17  0:50  Probe (Chrono Boost)  
  17  0:59  Nexus  
  17  1:11  Gateway  
  17  1:13  Probe (Chrono Boost)  
  18  1:25  Assimilator  
  18  1:27  Probe (Chrono Boost)  
  18  1:29  Assimilator  
  19  1:39  Gateway  
  19  1:41  Probe (Chrono Boost)  
  20  1:52  Probe (Chrono Boost)  
  21  1:56  Pylon  
  21  2:03  Cybernetics Core  
  21  2:04  Probe (Chrono Boost)  
  22  2:15  Probe (Chrono Boost)  
  25  2:17  Probe (Chrono Boost)  
  26  2:25  Probe (Chrono Boost)  
  26  2:29  Probe (Chrono Boost)  
  28  2:35  Probe (Chrono Boost)  
  27  2:39  Stalker x2 (Chrono Boost)  
  27  2:42  Warp Gate  
  27  2:43  Probe  
  32  2:47  Probe  
  33  2:52  Pylon  
  33  2:55  Probe (Chrono Boost)  
  34  3:00  Mothership Core (Chrono Boost)  
  36  3:08  Probe (Chrono Boost)  
  37  3:16  Twilight Council  
  37  3:18  Probe (Chrono Boost)  
  38  3:24  Pylon  
  39  3:27  Probe (Chrono Boost)  
  39  3:29  Adept x2  
  43  3:35  Assimilator  
  43  3:40  Assimilator  
  43  3:56  Gateway  
  43  3:57  Gateway  
  43  3:59  Dark Shrine  
  43  4:05  Probe (Chrono Boost)  
  44  4:12  Gateway  
  44  4:14  Pylon  
  44  4:23  Probe (Chrono Boost)  
  45  4:24  Gateway  
  45  4:26  Gateway  
  43  4:50  Robotics Facility  
  43  4:52  Stalker  
  45  4:55  Blink (Chrono Boost)  
  45  4:56  Probe (Chrono Boost)  
  46  5:14  Dark Templar x3  
  48  5:16  Adept  
  54  5:30  Dark Templar  
  56  5:37  Warp Prism (Chrono Boost)  
  54  6:00  Stalker x2  
  54  6:01  Stalker x3  
  64  6:05  Probe  
  61  6:15  Stalker x2  
  65  6:25  Stalker x3  
  65  6:27  Observer  
  68  6:37  Stalker  
  70  6:40  Pylon  
  70  6:49  Pylon  
  70  6:59  Adept  
  70  7:00  Adept x2  
  76  7:03  Pylon  
  76  7:08  Stalker  
  78  7:32  Probe  
  78  7:36  Stalker x3  
  85  7:37  Stalker x2  
  85  7:48  Stalker x4  
  91  8:06  Zealot  
  91  8:10  Zealot  
  91  8:18  Stalker x3  
  93  8:33  Probe  
  93  8:36  Pylon  
  93  8:38  Pylon  
  93  8:40  Pylon  
  93  8:44  Pylon  
Tags
 
Add a new tag
Caveats
  • Supply blocks, unpowered buildings, or Contaminate may cause inaccurate times.
  • Supply counts are checked every 10 seconds.